 Dungeon Crawl Stone Soup version 0.29-a0-88-g03a7b78be7 (webtiles) character file.

Game seed: 13102395388723821488

95 Nelsoonmonsoon the Chopper (level 4, -2/41 HPs)
             Began as a Hill Orc Monk on Feb 6, 2022.
             Was a Believer of Beogh.
             Slain by a gnoll (3 damage)
             ... on level 3 of the Dungeon.
             The game lasted 00:12:57 (3204 turns).

Nelsoonmonsoon the Chopper (Hill Orc Monk)          Turns: 3204, Time: 00:12:57

Health: -2/41      AC:  3    Str: 15    XL:     4   Next: 65%
Magic:  4/4        EV: 16    Int: 16    God:    Beogh [**....]
Gold:   164        SH:  0    Dex: 13    Spells: 3/3 levels left

rFire   . . .      SeeInvis .   r - +0 war axe
rCold   . . .      Faith    .   (no shield)
rNeg    . . .      Spirit   .   l - +0 leather armour
rPois   .          Reflect  .   (no helmet)
rElec   .          Harm     .   (no cloak)
rCorr   .          Rampage  .   (no gloves)
Will    .....                   (no boots)
Stlth   ++........              (no amulet)
HPRegen 0.13/turn               k - +4 ring of evasion
MPRegen 0.09/turn               q - +6 ring of intelligence

@: no status effects
A: no striking features
a: Renounce Religion, Smiting


You were on level 3 of the Dungeon.
You worshipped Beogh.
Beogh was pleased with you.
You visited 1 branch of the dungeon, and saw 3 of its levels.

You collected 164 gold pieces.

Inventory:

Hand Weapons
 a - a +0 hand axe
 j - a +1 dagger of speed
 n - a +1 hunting sling of freezing
 r - a +0 war axe (weapon)
Missiles
 m - 5 atropa-tipped darts (quivered)
Armour
 b - a +0 robe
 l - a +0 leather armour (worn)
Jewellery
 k - a +4 ring of evasion (left hand)
 q - a +6 ring of intelligence (right hand)
 s - an amulet of guardian spirit
Scrolls
 e - a scroll of silence {unknown}
 p - a scroll of teleportation
Potions
 c - a potion of might {unknown}
 d - a potion of ambrosia {unknown}
 f - a potion of magic
 g - a potion of brilliance {unknown}
 h - a potion of heal wounds
 i - 3 potions of curing {unknown}
 o - a potion of degeneration {unknown}


   Skills:
 + Level 4.7 Fighting
 + Level 4.7 Axes
 * Level 2.3 Armour
 - Level 2.5 Dodging
 - Level 1.7 Stealth
 + Level 0.8 Invocations


You had 3 spell levels left.
You didn't know any spells.
Your spell library was empty.

Dungeon Overview and Level Annotations

Branches:
Dungeon (3/15)

Altars:
Okawaru


Message History

You hit the ball python.
The ball python is severely wounded.
The ball python bites you. The ball python constricts you.
The gnoll hits you from afar with a +0 spear.
* * * LOW HITPOINT WARNING * * *
You barely miss the ball python.
The ball python is severely wounded.
The ball python bites you.
* * * LOW HITPOINT WARNING * * *
The ball python constricts you. The gnoll barely misses you.
The ball python closely misses you. The ball python constricts you.
* * * LOW HITPOINT WARNING * * *
You slash the ball python!
You kill the ball python!
Beogh accepts your kill. The gnoll closely misses you.
The gnoll completely misses you.
Things that are here:
a +0 flail; a +0 leather armour; a +0 flail
There is a stone staircase leading up here.
You climb upwards.
There is a stone staircase leading down here.
You climb downwards.
There is a stone staircase leading up here.
Things that are here:
a +0 leather armour; a +0 flail; a +0 flail The gnoll closely misses you.
The gnoll hits you with a +0 spear!
You hit the gnoll but do no damage. The gnoll closely misses you.
You barely miss the gnoll. The gnoll hits you with a +0 spear!
* * * LOW HITPOINT WARNING * * *
The gnoll barely misses you.
You closely miss the gnoll. The gnoll hits you with a +0 spear.
* * * LOW HITPOINT WARNING * * *
You hit the gnoll.
The gnoll is lightly wounded.
The gnoll hits you with a +0 spear.
* * * LOW HITPOINT WARNING * * *
The gnoll hits you from afar with a +0 spear.
You die...

###...............
#####)........##
...............#
........##.....#
......####.....#
..)...#
#.....#####..
......#
#............
......#
#....########
......# #....g.@[<#
......####.....#####
.........#.....#
.........#.....####
.........#####....#
. .. ...).....#
####g# .## .#
.........# ###.###
..##..## .........#
#...g.# #.##....
.........# #.#.#.#
#.......


You could see a gnoll.

Vanquished Creatures
  2 gnolls (D:3)
  2 worms
  6 orcs
  5 ball pythons
  9 endoplasms
  4 giant cockroaches
  3 hobgoblins
  3 jackals (D:1)
  4 kobolds
  3 quokkas (D:1)
  6 bats
  3 goblins
  9 rats
59 creatures vanquished.

Vanquished Creatures (others)
  A goblin (D:3)
  A kobold (D:3)
2 creatures vanquished.

Grand Total: 61 creatures vanquished

Notes
Turn   | Place    | Note
-------+----------+-------------------------------------------
     0 | D:1      | Nelsoonmonsoon the Hill Orc Monk began the quest for the
                  | Orb.
     0 | D:1      | Reached XP level 1. HP: 19/19 MP: 1/1
   140 | D:1      | Reached XP level 2. HP: 23/27 MP: 2/2
   519 | D:1      | Reached skill level 1 in Armour
   578 | D:1      | Reached XP level 3. HP: 23/33 MP: 3/3
  1379 | D:2      | Found an iron altar of Okawaru.
  2593 | D:3      | Reached XP level 4. HP: 16/41 MP: 4/4
  2625 | D:3      | Became a worshipper of Beogh the Brigand
  2625 | D:3      | Reached * piety under Beogh
  2625 | D:3      | Reached ** piety under Beogh
  3203 | D:3      | HP: 1/41 [gnoll (5)]
  3204 | D:3      | Slain by a gnoll

Illustrated notes

Levels and vault maps discovered:
D:1:      dpeg_arrival_ratfight, layout_basic
D:2:      kennysheep_big_flooded_room, layout_basic, basic_altar
D:3:      layout_basic, shapermc_ecumenical_altar_notcrosses

Skill      XL: |  1  2  3  4 |
---------------+-------------+-----
Fighting       | 4 |  4.7
Armour         | 1 2 |  2.3
Axes           | |  4.7
Dodging        | |  2.5
Stealth        | |  1.7
Invocations    | |  0.8

Action                   |  1- 3 |  4- 6 || total
-------------------------+-------+-------++-------
Melee: Hand axe          |   145 |    32 ||   177
       Punch             |     2 |     2 ||     4
       War axe           |       |    15 ||    15
Invok: Convert to Beogh  |       |     1 ||     1
  Use: Scroll            |     1 |     2 ||     3
 Stab: Sleeping          |     4 |       ||     4
Armor: Robe              |    28 |       ||    28
       Leather armour    |     2 |     9 ||    11
Dodge: Dodged            |    83 |    34 ||   117

Table legend: (Time is in decaauts)
 A = Elapsed time spent in this place.
 B = Non-inter-level travel time spent in this place.
 C = Inter-level travel time spent in this place.
 D = Time resting spent in this place.
 E = Time spent auto-exploring this place.
 F = Levels seen in this place.
 G = Mean time per level.
                   A        B        C        D        E       F      G
               +--------+--------+--------+--------+--------+-----+--------+
         Total |   3221 |   2974 |    247 |      0 |   1817 |   3 | 1073.7 |
       Dungeon |   3221 |   2974 |    247 |      0 |   1817 |   3 | 1073.7 |
               +--------+--------+--------+--------+--------+-----+--------+

Top non-repeatable levels by time:
     D:2: 1477 daAuts
     D:1: 1220 daAuts
     D:3: 523 daAuts
